 Dungeon Crawl Stone Soup version 0.29.1-2-gbd0b4ee654 (webtiles) character file.

Game seed: 10086413024724773046

9282 DocClef the Blocker (level 11, -2/89 HPs)
             Began as a Gnoll Fighter on Nov 4, 2022.
             Was a High Priest of Okawaru.
             Slain by an unseen horror (9 damage)
             ... on level 11 of the Dungeon.
             The game lasted 00:14:00 (13137 turns).

DocClef the Blocker (Gnoll Fighter)                Turns: 13137, Time: 00:14:01

Health: -2/89      AC: 16    Str: 20    XL:     11   Next: 44%
Magic:  20/20      EV:  8    Int:  8    God:    Okawaru [*****.]
Gold:   399        SH:  6    Dex: 11    Spells: 23/23 levels left

rFire   . . .      SeeInvis .   G - +1 broad axe
rCold   . . .      Faith    .   c - +0 buckler
rNeg    . . .      Spirit   .   m - +3 plate armour {Will+}
rPois   .          Reflect  .   (no helmet)
rElec   .          Harm     .   D - +0 cloak
rCorr   .          Rampage  .   (no gloves)
Will    +....                   n - +0 pair of boots
Stlth   ..........              (no amulet)
HPRegen 0.24/turn               (no ring)
MPRegen 0.17/turn               (no ring)

@: corroded
A: fangs 1, strong nose, distributed training
a: Renounce Religion, Heroism, Finesse, Duel


You were on level 11 of the Dungeon.
You worshipped Okawaru.
Okawaru was extremely pleased with you.
You visited 2 branches of the dungeon, and saw 12 of its levels.

You collected 399 gold pieces.

Inventory:

Hand Weapons
 d - a +3 short sword of draining
 E - a +0 whip of flaming
 G - a +1 broad axe (weapon)
Missiles
 A - a silver javelin
 B - 3 curare-tipped darts (quivered)
Armour
 c - a +0 buckler (worn)
 m - a +3 plate armour of willpower (worn)
 n - a +0 pair of boots (worn)
 t - a +0 plate armour of cold resistance
 y - the +5 scale mail of the Centipede {rCorr Str+3}
   (You found it on level 5 of the Dungeon)

   Str:       It affects your strength (+3).
   rCorr:     It protects you from acid and corrosion.
 D - a +0 cloak (worn)
Wands
 b - a wand of paralysis (5)
 s - a wand of flame (24)
 w - a wand of digging (4)
 z - a wand of iceblast (6)
 I - a wand of mindburst (4)
Scrolls
 e - 3 scrolls of fear
 f - 3 scrolls of poison
 k - 6 scrolls of teleportation
 o - 2 scrolls of immolation
 q - 3 scrolls of amnesia
 r - a scroll of blinking
 H - a scroll of fog {unknown}
 J - a scroll of identify
Potions
 a - 2 potions of haste
 g - a potion of flight {unknown}
 h - 5 potions of curing
 i - 2 potions of invisibility
 j - 3 potions of brilliance
 l - 2 potions of heal wounds
 p - 2 potions of lignification
 u - 2 potions of mutation
 v - 2 potions of degeneration
 x - a potion of cancellation {unknown}
 C - a potion of resistance {unknown}
 F - 2 potions of might


   Skills:
 + Level 9.3 Fighting
 + Level 6.5 Short Blades
 + Level 6.5 Long Blades
 + Level 8.1 Axes
 + Level 6.5 Maces & Flails
 + Level 6.5 Polearms
 + Level 6.5 Staves
 + Level 6.5 Ranged Weapons
 + Level 6.5 Throwing
 + Level 9.3 Armour
 + Level 6.5 Dodging
 + Level 6.5 Stealth
 + Level 9.3 Shields
 + Level 6.5 Unarmed Combat
 + Level 6.5 Spellcasting
 + Level 5.4 Conjurations
 + Level 5.4 Hexes
 + Level 5.4 Summonings
 + Level 5.4 Necromancy
 + Level 5.4 Translocations
 + Level 5.4 Transmutations
 + Level 5.4 Fire Magic
 + Level 5.4 Ice Magic
 + Level 5.4 Air Magic
 + Level 5.4 Earth Magic
 + Level 5.4 Poison Magic
 + Level 7.2 Invocations
 + Level 6.5 Evocations


You had 23 spell levels left.
You didn't know any spells.
Your spell library contained the following spells:

 Spells                   Type           Power      Damage    Failure   Level
 Shock                    Conj/Air       44%        1d5       50%         1
 Static Discharge         Conj/Air       11%        3-5/arc   63%         2
 Ozocubu's Armour         Ice            11%        N/A       86%         3
 Swiftness                Air            11%        N/A       86%         3
 Airstrike                Air            5%         2d(1-17)  99%         4
 Dispel Undead            Necr           11%        3d9       99%         4
 Passage of Golubria      Tloc           11%        N/A       99%         4
 Sticky Flame             Conj/Fire      11%        2d3       99%         4
 Blade Hands              Tmut           5%         N/A       100%        5
 Irradiate                Conj/Tmut      5%         3d13      100%        5
 Metabolic Englaciation   Hex/Ice        5%         N/A       100%        5
 Yara's Violent Unravell  Hex/Tmut       5%         3d4       100%        5
 Dragon Form              Tmut           5%         N/A       100%        7
 Tukima's Dance           Hex            Unusable   N/A       N/A         3
 Simulacrum               Ice/Necr       Unusable   N/A       N/A         6

Dungeon Overview and Level Annotations

Branches:
Dungeon (11/15)            Temple (1/1) D:6             Orc (0/2) D:9
   Lair: D:8-11

Altars:
Ashenzari
Cheibriados
Dithmenos
Elyvilon
Fedhas
Gozag
Hepliaklqana
Kikubaaqudgha
Makhleb
Nemelex Xobeh
Okawaru
Qazlal
Ru
Sif Muna
Trog
Uskayaw
Vehumet
Wu Jian
Xom
Yredelemnul
Zin
The Shining One

Shops:
D:1 [*?   D:4 [   D:6 *

Annotations:
D:3 2 transporters


Innate Abilities, Weirdness & Mutations

You have very sharp teeth.
Your uncanny sense of smell can sniff out nearby items.
Your experience applies equally to all skills.


Message History

Something hits you! The acid dragon spits acid at you.
The splash of acid hits you!! Something hits you but does no damage.
That's the wrong kind of item! (Use * to select it.) Evoke which item? (* to show all) (? for menu, Esc to quit)
Aiming: Paralyse
Press: ? - help, Shift-Dir - straight line, f - acid dragon
Aim: an acid dragon (catching its breath, chance to affect: 64%)
The acid dragon suddenly stops moving!
Something hits you but does no damage.
Unknown command.
Something hits you.
The helpless acid dragon fails to defend itself.
You slash the acid dragon!
You bite the acid dragon, but do no damage.
The acid dragon is heavily wounded.
You miss something. Something hits you.
* * * LOW HITPOINT WARNING * * *
The helpless acid dragon fails to defend itself.
You hit the acid dragon but do no damage.
The acid dragon is heavily wounded.
Something hits you but does no damage.
The helpless acid dragon fails to defend itself.
You hit the acid dragon.
The acid dragon is heavily wounded.
You miss something. You block something's attack.
The helpless acid dragon fails to defend itself.
You slice the acid dragon!!
You kill the acid dragon!
Okawaru accepts your kill. Something hits you but does no damage.
Something hits you but does no damage.
Something hits you but does no damage. x2; Something hits you.
* * * LOW HITPOINT WARNING * * *
Something hits you!
* * * LOW HITPOINT WARNING * * *
You block something's attack. Something hits you.
* * * LOW HITPOINT WARNING * * *
Something hits you!
You die...

###. #.....## ...# ##).....#
...##))##...# ##.......#..##)#
∆... ..........#...#.##### . ...
# ...........##........# .. .#
........... ##..#.#..## .. ..#
..........# #...####..## .##.#
..........####..@......# ....#
...>......##...###.#..###....#
..........##...######.....#
......[........#[..####...#
.....................#..###
......#.......#....#.....#
)##..##......##...###....###### .
.............###..............##.
.............#.....#.........##..


There were no monsters in sight!

Vanquished Creatures
  2 two-headed ogres
  Pikel (D:7)
  A troll (D:9)
  2 hornets
  Grinder (D:6)
  19 yaks
  A wyvern (D:9)
  3 steam dragons
  4 vampire mosquitoes (D:10)
  An acid dragon (D:11)
  A water moccasin (D:5)
  4 orc warriors
  A black bear (D:6)
  An ice beast (D:6)
  5 centaurs
  2 kobold brigands
  2 necrophages
  3 scorpions
  4 wights
  6 killer bees (D:10)
  4 howler monkeys
  4 hounds
  2 jellies
  5 orc priests
  2 iguanas
  7 orc wizards
  4 gnolls
  9 adders
  2 shadow imps (D:6)
  3 white imps
  An ufetubus (D:6)
  2 worms (D:2)
  3 dart slugs
  26 orcs
  9 ball pythons
  4 endoplasms
  3 giant cockroaches
  7 hobgoblins
  2 jackals (D:1)
  A quokka (D:5)
  3 bats
  3 frilled lizards
  4 goblins
  16 kobolds
  8 rats
198 creatures vanquished.

Vanquished Creatures (others)
  10 plants (D:11)
10 creatures vanquished.

Grand Total: 208 creatures vanquished

Notes
Turn   | Place    | Note
-------+----------+-------------------------------------------
     0 | D:1      | DocClef the Gnoll Fighter began the quest for the Orb.
     0 | D:1      | Reached XP level 1. HP: 23/23 MP: 1/1
    15 | D:1      | Found Waoseot's Assorted Antiques.
    60 | D:1      | Found Puizxen's Magic Scroll Emporium.
    77 | D:1      | Found a faded altar of an unknown god.
   149 | D:1      | Reached XP level 2. HP: 25/29 MP: 2/2
   503 | D:1      | Found Nuuguut's Antique Armour Boutique.
   512 | D:1      | Reached XP level 3. HP: 30/35 MP: 3/3
   786 | D:2      | Reached skill level 1 in Invocations
   956 | D:2      | Reached skill level 1 in Short Blades
   956 | D:2      | Reached skill level 1 in Long Blades
   956 | D:2      | Reached skill level 1 in Maces & Flails
   956 | D:2      | Reached skill level 1 in Polearms
   956 | D:2      | Reached skill level 1 in Staves
   956 | D:2      | Reached skill level 1 in Ranged Weapons
   956 | D:2      | Reached skill level 1 in Throwing
   956 | D:2      | Reached skill level 1 in Dodging
   956 | D:2      | Reached skill level 1 in Stealth
   956 | D:2      | Reached skill level 1 in Unarmed Combat
   956 | D:2      | Reached skill level 1 in Spellcasting
   956 | D:2      | Reached skill level 1 in Evocations
  1162 | D:3      | HP: 1/35 [gnoll/+0 club (5)]
  1166 | D:3      | Reached XP level 4. HP: 2/41 MP: 5/5
  1646 | D:3      | Reached skill level 1 in Conjurations
  1646 | D:3      | Reached skill level 1 in Hexes
  1646 | D:3      | Reached skill level 1 in Summonings
  1646 | D:3      | Reached skill level 1 in Necromancy
  1646 | D:3      | Reached skill level 1 in Translocations
  1646 | D:3      | Reached skill level 1 in Transmutations
  1646 | D:3      | Reached skill level 1 in Fire Magic
  1646 | D:3      | Reached skill level 1 in Ice Magic
  1646 | D:3      | Reached skill level 1 in Air Magic
  1646 | D:3      | Reached skill level 1 in Earth Magic
  1646 | D:3      | Reached skill level 1 in Poison Magic
  1871 | D:3      | Reached XP level 5. HP: 45/47 MP: 5/7
  1952 | D:3      | Found a transporter.
  1972 | D:3      | Found a transporter.
  2929 | D:4      | Reached XP level 6. HP: 27/53 MP: 8/8
  3120 | D:4      | Reached skill level 5 in Axes
  3145 | D:4      | You fall into a shaft and drop 2 floors!
  3181 | D:6      | Noticed an orc warrior
  3191 | D:6      | Killed an orc warrior
  3192 | D:6      | Reached XP level 7. HP: 21/60 MP: 10/10
  3431 | D:6      | Found a staircase to the Ecumenical Temple.
  3492 | Temple   | Entered the Ecumenical Temple
  3774 | Temple   | Became a worshipper of Warmaster Okawaru
  3860 | D:6      | Found Doesuo's General Store.
  4359 | D:6      | Noticed Grinder
  4385 | D:5      | Entered Level 5 of the Dungeon
  4513 | D:5      | Reached * piety under Okawaru
  4680 | D:5      | Identified the +0 robe of Light {Dex+2}
  4744 | D:5      | Reached XP level 8. HP: 59/67 MP: 12/12
  4844 | D:5      | Identified the +5 scale mail of the Centipede {rCorr Str+3}
  5511 | D:5      | Found an opulent altar of Gozag.
  5699 | D:4      | Found Visch's Antique Armour Shop.
  5935 | D:6      | Paralysed by Grinder for 5 turns
  5956 | D:6      | Paralysed by Grinder for 2 turns
  5964 | D:6      | Killed Grinder
  7092 | D:7      | Reached XP level 9. HP: 27/72 MP: 14/14
  7584 | D:7      | Noticed a hornet
  7604 | D:7      | Killed a hornet
  7604 | D:7      | Reached ** piety under Okawaru
  8833 | D:8      | Reached *** piety under Okawaru
  8834 | D:8      | Reached skill level 5 in Invocations
  9007 | D:8      | Noticed Pikel
  9051 | D:7      | Killed Pikel
  9051 | D:7      | Reached **** piety under Okawaru
  9052 | D:7      | Reached skill level 5 in Short Blades
  9052 | D:7      | Reached skill level 5 in Long Blades
  9052 | D:7      | Reached skill level 5 in Maces & Flails
  9052 | D:7      | Reached skill level 5 in Polearms
  9052 | D:7      | Reached skill level 5 in Staves
  9052 | D:7      | Reached skill level 5 in Ranged Weapons
  9052 | D:7      | Reached skill level 5 in Throwing
  9052 | D:7      | Reached skill level 5 in Dodging
  9052 | D:7      | Reached skill level 5 in Stealth
  9052 | D:7      | Reached skill level 5 in Unarmed Combat
  9052 | D:7      | Reached skill level 5 in Spellcasting
  9052 | D:7      | Reached skill level 5 in Evocations
  9052 | D:7      | Reached XP level 10. HP: 71/82 MP: 17/17
  9502 | D:9      | Found a staircase to the Orcish Mines.
  9510 | D:9      | Noticed a two-headed ogre
  9553 | D:9      | Killed a two-headed ogre
  9891 | D:9      | HP: 3/82 [yak (3)]
  9894 | D:9      | Received a gift from Okawaru
 11394 | D:8      | Reached ***** piety under Okawaru
 11697 | D:10     | Entered Level 10 of the Dungeon
 11754 | D:10     | Noticed a two-headed ogre
 11766 | D:10     | Killed a two-headed ogre
 11766 | D:10     | Received a gift from Okawaru
 11767 | D:10     | Reached skill level 5 in Conjurations
 11767 | D:10     | Reached skill level 5 in Hexes
 11767 | D:10     | Reached skill level 5 in Summonings
 11767 | D:10     | Reached skill level 5 in Necromancy
 11767 | D:10     | Reached skill level 5 in Translocations
 11767 | D:10     | Reached skill level 5 in Transmutations
 11767 | D:10     | Reached skill level 5 in Fire Magic
 11767 | D:10     | Reached skill level 5 in Ice Magic
 11767 | D:10     | Reached skill level 5 in Air Magic
 11767 | D:10     | Reached skill level 5 in Earth Magic
 11767 | D:10     | Reached skill level 5 in Poison Magic
 11767 | D:10     | Reached XP level 11. HP: 62/89 MP: 18/20
 12086 | D:10     | Received a gift from Okawaru
 12111 | D:10     | Received a gift from Okawaru
 13137 | D:11     | Slain by an unseen horror

Illustrated notes

Levels and vault maps discovered:
D:1:      evilmike_arrival_plus, layout_loops_ring, serial_shops, shop, shop,
          nicolae_shop_advertising_works [nicolae_subvault_shop_adworks],
          chequers_ecumenical_altar_twisty, minmay_statues_item
D:2:      layout_loops_cross
D:3:      gammafunk_wand_slinger, layout_loops_cross
D:4:      layout_basic, serial_shops, nicolae_take_the_stairs
D:5:      layout_gridville, lemuel_coloured_pillars_altar
D:6:      layout_loops_ring, minmay_temple_entry_glassed_door,
          kennysheep_small_square, uniq_grinder
D:7:      layout_gridville
D:8:      layout_gridville, uniq_pikel
D:9:      layout_basic, david_orc_3
D:10:     layout_basic, grunt_ministairs_13
D:11:     layout_cave_pools, dpeg_oklobed_lair
Temple:   mainiacjoe_temple_circle_huts

Skill      XL: |  1  2  3  4  5  6  7  8  9 10 11 |
---------------+----------------------------------+-----
Invocations    | 1 2 3 4 5 6 7 |  7.2
Short Blades   | 1 2 3 5 6 |  6.5
Long Blades    | 1 2 3 5 6 |  6.5
Maces & Flails | 1 2 3 5 6 |  6.5
Polearms       | 1 2 3 5 6 |  6.5
Staves         | 1 2 3 5 6 |  6.5
Ranged Weapons | 1 2 3 5 6 |  6.5
Throwing       | 1 2 3 5 6 |  6.5
Dodging        | 1 2 3 5 6 |  6.5
Stealth        | 1 2 3 5 6 |  6.5
Unarmed Combat | 1 2 3 5 6 |  6.5
Spellcasting   | 1 2 3 5 6 |  6.5
Evocations     | 1 2 3 5 6 |  6.5
Conjurations   | 1 2 3 4 5 |  5.4
Hexes          | 1 2 3 4 5 |  5.4
Summonings     | 1 2 3 4 5 |  5.4
Necromancy     | 1 2 3 4 5 |  5.4
Translocations | 1 2 3 4 5 |  5.4
Transmutations | 1 2 3 4 5 |  5.4
Fire Magic     | 1 2 3 4 5 |  5.4
Ice Magic      | 1 2 3 4 5 |  5.4
Air Magic      | 1 2 3 4 5 |  5.4
Earth Magic    | 1 2 3 4 5 |  5.4
Poison Magic   | 1 2 3 4 5 |  5.4
Axes           | 5 6 7 8 |  8.1
Fighting       | 7 8 9 |  9.3
Armour         | 7 8 9 |  9.3
Shields        | 7 8 9 |  9.3

Action                   |  1- 3 |  4- 6 |  7- 9 | 10-12 || total
-------------------------+-------+-------+-------+-------++-------
Melee: War axe           |   100 |    84 |    41 |       ||   225
       Bite              |     9 |     6 |    63 |    52 ||   130
       Short sword       |       |       |   436 |       ||   436
       Whip              |       |       |       |   236 ||   236
       Broad axe         |       |       |       |   156 ||   156
Throw: Dart              |       |       |       |     8 ||     8
       Throwing net      |       |       |       |     1 ||     1
Invok: Heroism           |       |       |     1 |     6 ||     7
       Finesse           |       |       |       |     2 ||     2
Evoke: Wand              |       |       |       |     8 ||     8
  Use: Potion            |       |     1 |       |       ||     1
       Scroll            |       |       |       |    18 ||    18
 Stab: Sleeping          |       |       |       |     1 ||     1
       Paralysed         |       |       |       |     4 ||     4
Armor: Scale mail        |    41 |    32 |   162 |    71 ||   306
       Ring mail         |       |       |    40 |       ||    40
       Plate armour      |       |       |       |   121 ||   121
Dodge: Dodged            |    45 |    32 |   207 |   143 ||   427
Block: Buckler           |    34 |    14 |   126 |   134 ||   308
